 Dungeon Crawl Stone Soup version 0.29.1-15-g9cfb28693d (webtiles) character file.

Game seed: 7054631258391943976

99 DemonSlayer the Digger (level 4, -1/30 HPs)
             Began as a Demonspawn Earth Elementalist on Mar 17, 2023.
             Slain by a goblin
             ... wielding a +0 dagger
             ... led by Robin
              (3 damage)
             ... on level 2 of the Dungeon.
             The game lasted 00:06:06 (2944 turns).

DemonSlayer the Digger (DsEE)                       Turns: 2944, Time: 00:06:06

Health: -1/30      AC:  3    Str:  9    XL:     4   Next: 45%
Magic:  3/9        EV: 13    Int: 16    God:
Gold:   154        SH:  0    Dex: 21    Spells: 0/9 levels left

rFire   . . .      SeeInvis .   f - +0 dagger
rCold   . . .      Faith    .   (no shield)
rNeg    . . .      Spirit   .   a - +1 robe
rPois   .          Reflect  .   (no helmet)
rElec   .          Harm     .   (no cloak)
rCorr   .          Rampage  .   (no gloves)
Will    .....                   (no boots)
Stlth   ++........              (no amulet)
HPRegen 0.10/turn               g - ring of wizardry
MPRegen 0.11/turn               i - +6 ring of dexterity

@: about to teleport
A: demonic touch 1
a: no special abilities


You were on level 2 of the Dungeon.
You visited 1 branch of the dungeon, and saw 3 of its levels.

You collected 154 gold pieces.

Inventory:

Hand Weapons
 f - a +0 dagger (weapon)
Armour
 a - a +1 robe (worn)
Jewellery
 g - a ring of wizardry (left hand)
 i - a +6 ring of dexterity (right hand)
Scrolls
 d - 2 scrolls of teleportation
 h - a scroll of fear {unknown}
 j - a scroll of butterflies {unknown}
 l - 2 scrolls of enchant armour
 n - a scroll of brand weapon {unknown}
 o - a scroll of identify
Potions
 b - 2 potions of lignification {unknown}
 c - a potion of attraction {unknown}
 e - a potion of berserk rage {unknown}
 k - a potion of curing {unknown}
 m - a potion of brilliance


   Skills:
 + Level 0.1 Fighting
 + Level 2.3 Dodging
 + Level 2.0 Stealth
 + Level 3.3 Spellcasting
 + Level 0.8 Transmutations
 + Level 3.4 Earth Magic


You couldn't memorise any spells.
You knew the following spells:

 Your Spells              Type           Power      Damage    Failure   Level
a - Sandblast             Erth           26%        2d8       1%          1
b - Passwall              Tmut/Erth      7%         N/A       4%          2
c - Stone Arrow           Conj/Erth      16%        3d8       11%         3
d - Ignite Poison         Fire/Tmut/Pois 3%         N/A       19%         3

Your spell library contained the following spells:

 Spells                   Type           Power      Damage    Failure   Level
 Gell's Gravitas          Tloc           2%         N/A       21%         3
 Lesser Beckoning         Tloc           2%         N/A       21%         3
 Mephitic Cloud           Conj/Pois/Air  2%         N/A       21%         3
 Teleport Other           Tloc           2%         N/A       21%         3
 Petrify                  Tmut/Erth      9%         N/A       28%         4
 Freezing Cloud           Conj/Ice/Air   1%         6-21      86%         5


Dungeon Overview and Level Annotations

Branches:
Dungeon (3/15)

Altars:

Annotations:
D:2 Robin


Innate Abilities, Weirdness & Mutations

Your touch may inflict minor irresistible damage on your foes.


Message History

The blast of sand hits Robin.
Robin is heavily wounded.
You hear a shout!
Robin throws the goblin at you! The goblin hits you with a +0 dagger.
The blast of sand misses the goblin.
The goblin misses you.
Robin hits you from afar with a +4 trident of protection.
The goblin hits you with a +0 dagger.
The blast of sand hits the goblin!
You kill the goblin!
The goblin no longer looks unusually strong.
Robin hits you from afar with a +4 trident of protection.
The blast of sand hits Robin.
Robin is heavily wounded.
Robin hits you from afar with a +4 trident of protection!
Robin roars a battlecry!
The goblin goes into a battle-frenzy!
You are too injured to fight recklessly!
Casting: Sandblast (safe; 1% risk of failure)
Confirm with . or Enter, or press ? or * to list all spells.
Aiming: Sandblast (safe; 1% risk of failure)
Press: ? - help, Shift-Dir - straight line, f/p - Robin
Aim: Robin, wielding a +4 trident of protection, wearing a +0 animal skin and wearing a +0 helmet (heavily wounded, 87% to hit)
The blast of sand hits Robin but does no damage.
Robin is heavily wounded.
Robin throws the goblin at you!
* * * LOW HITPOINT WARNING * * *
The goblin hits you with a +0 dagger.
* * * LOW HITPOINT WARNING * * *
The goblin hits you with a +0 dagger.
* * * LOW HITPOINT WARNING * * *
The goblin attacks as you move away! The goblin hits you with a +0 dagger.
* * * LOW HITPOINT WARNING * * *
Robin roars a battlecry!
Okay, then.
As you read the scroll of teleportation, it crumbles to dust.
You feel strangely unstable. The goblin hits you with a +0 dagger.
* * * LOW HITPOINT WARNING * * *
The goblin attacks as you move away! The goblin hits you but does no damage.
The goblin attacks as you move away! The goblin hits you with a +0 dagger.
You die...

#.# #....
########.#
####.
#).....g.#
#.
#g######.#
#. #.# #.#
## #g# #.#
### #.#
..# #..
#g# #.#
#.# #@#
#.# #.#
#.# ##.#
#.#
#.###.#
#.#
#.....##.
#.#
#........
#..
#.#######
### #.# #
#.# # #.#


You could see Robin and 2 goblins.

Vanquished Creatures
  3 adders
  A worm (D:2)
  An orc (D:3)
  10 endoplasms
  2 giant cockroaches
  13 goblins
  5 hobgoblins
  6 jackals (D:1)
  A kobold (D:3)
  3 quokkas
  2 ball pythons
  2 bats
  5 frilled lizards
  6 rats
60 creatures vanquished.

Vanquished Creatures (others)
  2 fungi (D:1)
  2 plants (D:1)
4 creatures vanquished.

Grand Total: 64 creatures vanquished

Notes
Turn   | Place    | Note
-------+----------+-------------------------------------------
     0 | D:1      | DemonSlayer the Demonspawn Earth Elementalist began the
                  | quest for the Orb.
     0 | D:1      | Reached XP level 1. HP: 13/13 MP: 3/3
   339 | D:1      | Discovered your monstrous ancestry.
   339 | D:1      | Gained mutation: Your touch may inflict minor irresistible
                  | damage on your foes. [demonic ancestry]
   339 | D:1      | Reached XP level 2. HP: 19/19 MP: 1/5
  1006 | D:1      | Found a faded altar of an unknown god.
  1359 | D:1      | Reached XP level 3. HP: 24/24 MP: 6/6
  1589 | D:2      | Noticed Robin
  1933 | D:3      | Learned a level 2 spell: Passwall
  1937 | D:3      | Learned a level 3 spell: Stone Arrow
  2215 | D:3      | Reached XP level 4. HP: 25/30 MP: 3/8
  2406 | D:3      | Learned a level 3 spell: Ignite Poison
  2944 | D:2      | Slain by a goblin

Illustrated notes

Levels and vault maps discovered:
D:1:      shiori_shiawase, layout_basic,
          shapermc_ecumenical_altar_mp_urbaneastern
D:2:      layout_loops_ring, serial_shops, nicolae_shop_stone, uniq_robin
D:3:      layout_basic, due_unseen_surprise

Skill      XL: |  1  2  3 |
---------------+----------+-----
Dodging        | 2 |  2.3
Earth Magic    | 3 |  3.4
Stealth        | 2 |  2.0
Spellcasting   | 3 |  3.3
Fighting       | |  0.1
Transmutations | |  0.8

Action                   |  1- 3 |  4- 6 || total
-------------------------+-------+-------++-------
Melee: Dagger            |    14 |     8 ||    22
       Touch             |     1 |     1 ||     2
       Punch             |     1 |     1 ||     2
 Cast: Sandblast         |    65 |    27 ||    92
       Passwall          |     2 |       ||     2
  Use: Potion            |     1 |       ||     1
       Scroll            |       |     4 ||     4
 Stab: Sleeping          |     3 |     3 ||     6
Armor: Robe              |     7 |     3 ||    10
Dodge: Dodged            |    26 |     8 ||    34
